 Dungeon Crawl Stone Soup version 0.28-a0-1152-g9c71ebef14 (webtiles) character file.

Game seed: 2445762257878162735

51 gimp the Ducker (level 3, 0/22 HPs)
             Began as a Tengu Wanderer on Dec 14, 2021.
             Slain by a gnoll (7 damage)
             ... on level 1 of the Dungeon.
             The game lasted 00:05:06 (2353 turns).

gimp the Ducker (Tengu Wanderer)                    Turns: 2353, Time: 00:05:07

Health: 0/22       AC:  2    Str: 10 (11) XL:     3   Next: 83%
Magic:  5/5        EV: 13    Int:  9 (11) God:
Gold:   51         SH:  0    Dex: 15 (17) Spells: 4/4 levels left

rFire   . . .      SeeInvis .   a - +2 dagger
rCold   . . .      Faith    .   (no shield)
rNeg    . . .      Spirit   .   c - +0 robe
rPois   .          Reflect  .   (helmet restricted)
rElec   .          Harm     .   (no cloak)
rCorr   .          Rampage  .   (no gloves)
Will    .....                   (boots unavailable)
Stlth   ++........              (no amulet)
HPRegen 0.07/turn               (no ring)
MPRegen 0.09/turn               (no ring)

@: no status effects
A: beak, talons 3
a: no special abilities


You were on level 1 of the Dungeon.
You visited 1 branch of the dungeon, and saw 3 of its levels.

You collected 51 gold pieces.

Inventory:

Hand Weapons
 a - a +2 dagger (weapon)
 b - a +2 short sword of venom
Missiles
 g - 5 poisoned darts (quivered)
 n - a throwing net
Armour
 c - a +0 robe (worn)
Jewellery
 i - an amulet of the acrobat
Scrolls
 d - 4 scrolls of identify {unknown}
 h - a scroll of acquirement {unknown}
 j - a scroll of fog {unknown}
 m - a scroll of teleportation {unknown}
Potions
 e - 4 potions of might
 f - a potion of degeneration
 k - a potion of curing {unknown}
 l - a potion of brilliance {unknown}


   Skills:
 * Level 2.6 Fighting
 + Level 1.1 Short Blades
 - Level 1.0 Throwing
 - Level 3.2 Dodging
 - Level 2.0 Stealth
 - Level 1.0 Shields
 - Level 1.0 Spellcasting
 - Level 2.1 Hexes


You had 4 spell levels left.
You didn't know any spells.
Your spell library contained the following spells:

 Spells                   Type           Power      Damage    Failure   Level
 Ensorcelled Hibernation  Hex/Ice        4%         N/A       34%         2
 Corpse Rot               Necr/Air       0%         N/A       50%         2
 Sublimation of Blood     Necr           0%         N/A       50%         2
 Iskenderun's Battlesphe  Conj           0%         2d6       100%        5
 Summon Mana Viper        Hex/Summ       2%         N/A       100%        5
 Iron Shot                Conj/Erth      0%         9d1       100%        6
 Spellforged Servitor     Conj/Summ      0%         N/A       100%        7
 Summon Horrible Things   Summ           0%         N/A       100%        8


Dungeon Overview and Level Annotations

Branches:
Dungeon (3/15)

Altars:
Sif Muna


Innate Abilities, Weirdness & Mutations

You have a beak for a mouth.
You have claws for feet.


Message History

There is an open door, spattered with blood here.
There is a stone staircase leading down here.
You climb downwards.
The gnoll hits you from afar with a +0 spear.
The gnoll barely misses you.
There is a stone staircase leading up here.
You take 5 damage, and have 17/22 hp.
MASSIVE DAMAGE!!
There are monsters nearby!
The gnoll barely misses you.
You climb upwards.
There is a stone staircase leading down here.
There is an open door, spattered with blood here.
You see here 11 sling bullets.
There is a stone staircase leading up here.
You regained 2 hp, and now have 19/22 hp.
You climb upwards.
There is a stone staircase leading down here.
You barely miss the gnoll. The gnoll closely misses you.
You hit the gnoll. Your kick misses the gnoll. Your peck misses the gnoll.
The gnoll is moderately wounded.
The gnoll hits you with a +0 whip.
You take 5 damage, and have 14/22 hp.
MASSIVE DAMAGE!!
You hit the gnoll. Your kick misses the gnoll.
The gnoll is heavily wounded.
The gnoll barely misses you.
You hit the gnoll.
The gnoll is heavily wounded.
The gnoll barely misses you.
You closely miss the gnoll. You claw the gnoll.
The gnoll is severely wounded.
You hit the gnoll but do no damage.
The gnoll is severely wounded.
The gnoll hits you with a +0 whip!
You take 7 damage, and have 7/22 hp.
MASSIVE DAMAGE!!
You are too injured to fight recklessly!
You are too injured to fight recklessly!
You hit the gnoll but do no damage. Your kick misses the gnoll.
The gnoll is severely wounded.
The gnoll hits you with a +0 whip!
You die...

..(.....#..###.................##
.............##.#..............#
.............##.......#........#
.............######............##
#.....#...#### ##.###.......##
##.####......# #..#####....ยง.
#..# #.###..#### ##.# ###....
#.## #.# #....>#####.##### #....
#.# #.# ##....@g........# #....
#.# #.## ######.........###....
#.# #..# ####.####........ #.#
##.# #............... #.# #.##
#..............# #.# #..##
#..........###.. #.# ##..#
#..........##### ..#
##.#######....>.....#...# ..###
##.....#............#.#.#.


You could see a gnoll.

Vanquished Creatures
  An adder (D:2)
  A worm (D:2)
  2 ball pythons (D:2)
  2 endoplasms (D:1)
  3 giant cockroaches
  5 hobgoblins
  3 kobolds
  5 quokkas
  7 bats
  A frilled lizard (D:2)
  5 rats
35 creatures vanquished.

Notes
Turn   | Place    | Note
-------+----------+-------------------------------------------
     0 | D:1      | gimp the Tengu Wanderer began the quest for the Orb.
     0 | D:1      | gimp set off with the following items: a +2 dagger, a
                  | potion of heal wounds, a +0 robe; and the following spells
                  | available to memorise: Corpse Rot, Sublimation of Blood
     0 | D:1      | Reached XP level 1. HP: 10/10 MP: 2/2
   211 | D:1      | Reached skill level 1 in Fighting
   217 | D:1      | Reached XP level 2. HP: 16/16 MP: 3/3
   617 | D:2      | Reached skill level 1 in Spellcasting
   814 | D:2      | Found a shimmering blue altar of Sif Muna.
   830 | D:2      | Reached XP level 3. HP: 13/21 MP: 5/5
  1470 | D:2      | Found a faded altar of an unknown god.
  1490 | D:2      | Reached skill level 1 in Short Blades
  1762 | D:2      | Got the Grimoire of Creative Snow
  2353 | D:1      | Slain by a gnoll

Illustrated notes

Levels and vault maps discovered:
D:1:      eino_arrival_druids_welcome, layout_rooms, kennysheep_doodads
D:2:      layout_basic, basic_altar, shapermc_ecumenical_altar_mp_vishouse
D:3:      layout_basic, makhleb_altar_promises_db,
          nicolae_ru_the_path_less_chosen, uniq_natasha, uniq_grinder,
          uniq_robin

Skill      XL: |  1  2  3 |
---------------+----------+-----
Fighting       | 1 2 |  2.6
Spellcasting   | 1 |  1.0
Short Blades   | 1 |  1.1
Throwing       | |  1.0
Dodging        | |  3.2
Stealth        | |  2.0
Shields        | |  1.0
Hexes          | |  2.1

Action                   || total
-------------------------++-------
Melee: Dagger            ||    85
       Kick              ||    14
       Peck              ||     9
Throw: Dart              ||     5
  Use: Potion            ||     3
 Stab: Sleeping          ||    11
Armor: Robe              ||    16
Dodge: Dodged            ||    63

Table legend: (Time is in decaauts)
 A = Elapsed time spent in this place.
 B = Non-inter-level travel time spent in this place.
 C = Inter-level travel time spent in this place.
 D = Time resting spent in this place.
 E = Time spent auto-exploring this place.
 F = Levels seen in this place.
 G = Mean time per level.
                   A        B        C        D        E       F      G
               +--------+--------+--------+--------+--------+-----+--------+
         Total |   2353 |   2294 |     59 |    213 |   1673 |   3 |  784.3 |
       Dungeon |   2353 |   2294 |     59 |    213 |   1673 |   3 |  784.3 |
               +--------+--------+--------+--------+--------+-----+--------+

Top non-repeatable levels by time:
     D:2: 1670 daAuts
     D:1: 654 daAuts
     D:3: 28 daAuts
